| TOP OF THE 1ST |
|
Oklahoma City Dodgers batting - Pitching for Louisville Bats : RHP Ragnar Alqvist
|
|
Pitching: RHP Ragnar Alqvist
|
|
|
Batting: LHB Frank Mullen
|
0-0: Foul Ball, location: 2F 0-1: Ball 1-1: Called Strike 1-2: Ball 2-2: Strikes out swinging, 2-3 out at first.
|
|
Batting: RHB Jeremy Giesler
|
0-0: SINGLE (Groundball, 6D, EV 98.1 MPH)
|
|
Batting: LHB Tommy King
|
0-0: Ball 1-0: Ball 2-0: Called Strike 2-1: Ball 3-1: Base on Balls Jeremy Giesler to second
|
|
Batting: SHB Ken Welch
|
0-0: Ball 1-0: Grounds into double play, 4-6-3 (Groundball, 34D, EV 93.1 MPH)
|
| Top of the 1st over - 0 runs, 1 hit, 0 errors, 1 left on base; Oklahoma City 0 - Louisville 0 |
| BOTTOM OF THE 1ST |
|
Louisville Bats batting - Pitching for Oklahoma City Dodgers : RHP Jeremy Stock
|
|
Pitching: RHP Jeremy Stock
|
|
|
Batting: SHB Paul Sandoval
|
0-0: Called Strike 0-1: SINGLE (Groundball, 3D, EV 103.1 MPH)
|
|
Batting: RHB Chase Briney
|
0-0: Ball Paul Sandoval is caught stealing 2nd base 2-4 1-0: Ball 2-0: Fly out, F8 (Flyball, 8RS, EV 95.6 MPH)
|
|
Batting: SHB Freddie Farrar
|
0-0: Called Strike 0-1: Ball 1-1: Ball 2-1: Ball 3-1: Ground out 6-3 (Groundball, 6M, EV 91.2 MPH)
|
| Bottom of the 1st over - 0 runs, 1 hit, 0 errors, 0 left on base; Oklahoma City 0 - Louisville 0 |
| TOP OF THE 2ND |
|
Oklahoma City Dodgers batting - Pitching for Louisville Bats : RHP Ragnar Alqvist
|
|
Batting: RHB Jose Valtierra
|
0-0: DOUBLE (Groundball, 5L, EV 104.4 MPH)
|
|
Batting: RHB Jonathan Rangel
|
0-0: Called Strike 0-1: Ball 1-1: Called Strike 1-2: Foul Ball, location: 2F 1-2: Strikes out swinging
|
|
Batting: RHB Carlos Talavera
|
0-0: Called Strike 0-1: Ball 1-1: Foul Ball, location: 2F 1-2: SINGLE (Groundball, 6M, EV 103.8 MPH) Jose Valtierra to third
|
|
Batting: LHB Darrell Ortega
|
0-0: Called Strike 0-1: Called Strike 0-2: Grounds into double play, 4-6-3 (Groundball, 4S, EV 79.4 MPH)
|
| Top of the 2nd over - 0 runs, 2 hits, 0 errors, 1 left on base; Oklahoma City 0 - Louisville 0 |
| BOTTOM OF THE 2ND |
|
Louisville Bats batting - Pitching for Oklahoma City Dodgers : RHP Jeremy Stock
|
|
Batting: RHB Bruno André
|
0-0: Ball 1-0: Ball 2-0: Ball 3-0: Base on Balls
|
|
Batting: RHB Juan Reyes
|
0-0: Called Strike 0-1: Ball 1-1: Foul Ball, location: 2F 1-2: Strikes out looking
|
|
Batting: RHB Chris Zamora
|
0-0: Called Strike 0-1: Ball 1-1: Fly out, F3 (Popup, 3F, EV 66.9 MPH)
|
|
Batting: RHB Colin Lord
|
0-0: Swinging Strike 0-1: Ball 1-1: Foul Ball, location: 2F 1-2: Foul Ball, location: 2F 1-2: Strikes out swinging
|
| Bottom of the 2nd over - 0 runs, 0 hits, 0 errors, 1 left on base; Oklahoma City 0 - Louisville 0 |
| TOP OF THE 3RD |
|
Oklahoma City Dodgers batting - Pitching for Louisville Bats : RHP Ragnar Alqvist
|
|
Batting: RHB Mike Dodson
|
0-0: Ball 1-0: Fly out, F4 (Line Drive, 4, EV 64.4 MPH)
|
|
Batting: LHB Frank Mullen
|
0-0: Swinging Strike 0-1: Called Strike 0-2: Foul Ball, location: 2F 0-2: Ball 1-2: Ball 2-2: Strikes out swinging, 2-3 out at first.
|
|
Batting: RHB Jeremy Giesler
|
0-0: Ball 1-0: Foul Ball, location: 2F 1-1: Ground out 5-3 (Groundball, 56, EV 103.1 MPH)
|
| Top of the 3rd over - 0 runs, 0 hits, 0 errors, 0 left on base; Oklahoma City 0 - Louisville 0 |
| BOTTOM OF THE 3RD |
|
Louisville Bats batting - Pitching for Oklahoma City Dodgers : RHP Jeremy Stock
|
|
Batting: LHB Manny Ruvalcaba
|
0-0: Ground out U3 (Groundball, 3S, EV 86.2 MPH)
|
|
Batting: RHB Steve Anderson
|
0-0: Ball 1-0: Ball 2-0: SINGLE (Groundball, 56D, EV 108.1 MPH)
|
|
Batting: SHB Paul Sandoval
|
0-0: Ball 1-0: Swinging Strike 1-1: Ball 2-1: Foul Ball, location: 2F 2-2: Foul Ball, location: 2F 2-2: Ball 3-2: Base on Balls Steve Anderson to second
|
|
Batting: RHB Chase Briney
|
0-0: Called Strike 0-1: Ball 1-1: Fielders Choice at 2nd, 3-6 (Groundball, 34, EV 90.6 MPH) Steve Anderson to third
|
|
Batting: SHB Freddie Farrar
|
0-0: Ball 1-0: Ball 2-0: Fly out, F6 (Popup, 6, EV 56.2 MPH)
|
| Bottom of the 3rd over - 0 runs, 1 hit, 0 errors, 2 left on base; Oklahoma City 0 - Louisville 0 |
| TOP OF THE 4TH |
|
Oklahoma City Dodgers batting - Pitching for Louisville Bats : RHP Ragnar Alqvist
|
|
Batting: LHB Tommy King
|
0-0: Called Strike 0-1: SINGLE (Groundball, 6S, EV 70.0 MPH) (infield hit)
|
|
Batting: SHB Ken Welch
|
0-0: Foul Ball, location: 2F 0-1: Ball 1-1: Ball 2-1: Fly out, F8 (Flyball, 8LM, EV 83.1 MPH)
|
|
Batting: RHB Jose Valtierra
|
0-0: Ball 1-0: Foul Ball, location: 2F 1-1: Ball 2-1: Ball 3-1: Base on Balls Tommy King to second
|
|
Batting: RHB Jonathan Rangel
|
0-0: Ball 1-0: Called Strike 1-1: Swinging Strike 1-2: Foul Ball, location: 2F 1-2: Ball 2-2: SINGLE (Groundball, 6MD, EV 98.8 MPH) Tommy King to third Jose Valtierra to second
|
|
Batting: RHB Carlos Talavera
|
0-0: Ball 1-0: Foul Ball, location: 2F 1-1: Ball 2-1: Fly out, F5 (Popup, 6S, EV 71.2 MPH)
|
|
Batting: LHB Darrell Ortega
|
0-0: Ball 1-0: Ball Wild Pitch! Tommy King scores Jose Valtierra to third Jonathan Rangel to second 2-0: Called Strike 2-1: Foul Ball, location: 2F 2-2: Strikes out swinging
|
| Top of the 4th over - 1 run, 2 hits, 0 errors, 2 left on base; Oklahoma City 1 - Louisville 0 |
| BOTTOM OF THE 4TH |
|
Louisville Bats batting - Pitching for Oklahoma City Dodgers : RHP Jeremy Stock
|
|
Batting: RHB Bruno André
|
0-0: Swinging Strike 0-1: Called Strike 0-2: Strikes out swinging
|
|
Batting: RHB Juan Reyes
|
0-0: Swinging Strike 0-1: Swinging Strike 0-2: Foul Ball, location: 2F 0-2: Strikes out looking
|
|
Batting: RHB Chris Zamora
|
0-0: Called Strike 0-1: Ball 1-1: Foul Ball, location: 2F 1-2: Foul Ball, location: 2F 1-2: SINGLE (Groundball, 6D, EV 98.8 MPH)
|
|
Batting: RHB Colin Lord
|
0-0: Called Strike 0-1: 2-RUN HOME RUN (Flyball, 7LD, EV 97.5 MPH), Distance : 355 ft
|
|
Batting: LHB Manny Ruvalcaba
|
0-0: Swinging Strike 0-1: Ball 1-1: Ground out 4-3 (Groundball, 4, EV 83.8 MPH)
|
| Bottom of the 4th over - 2 runs, 2 hits, 0 errors, 0 left on base; Oklahoma City 1 - Louisville 2 |
| TOP OF THE 5TH |
|
Oklahoma City Dodgers batting - Pitching for Louisville Bats : RHP Ragnar Alqvist
|
|
Batting: RHB Mike Dodson
|
0-0: Swinging Strike 0-1: Ground out U3 (Groundball, 34S, EV 85.6 MPH)
|
|
Batting: LHB Frank Mullen
|
0-0: Called Strike 0-1: Ball 1-1: Ball 2-1: Swinging Strike 2-2: Ball 3-2: Base on Balls
|
|
Batting: RHB Jeremy Giesler
|
0-0: Fielders Choice at 2nd, 2-6 (Groundball, 2R, EV 68.8 MPH)
|
|
Batting: LHB Tommy King
|
0-0: Fly out, F9 (Flyball, 9LS, EV 86.2 MPH)
|
| Top of the 5th over - 0 runs, 0 hits, 0 errors, 1 left on base; Oklahoma City 1 - Louisville 2 |
| BOTTOM OF THE 5TH |
|
Louisville Bats batting - Pitching for Oklahoma City Dodgers : RHP Jeremy Stock
|
|
Batting: RHB Steve Anderson
|
0-0: Foul Ball, location: 2F 0-1: Called Strike 0-2: Strikes out swinging
|
|
Batting: SHB Paul Sandoval
|
0-0: SINGLE (Line Drive, 9S, EV 91.9 MPH)
|
|
Batting: RHB Chase Briney
|
0-0: Ball 1-0: Ball 2-0: Ball 3-0: Base on Balls Paul Sandoval to second
|
|
Batting: SHB Freddie Farrar
|
0-0: Called Strike 0-1: Foul Ball, location: 2F 0-2: Ball 1-2: Foul Ball, location: 2F 1-2: Grounds into double play, 6-4-3 (Groundball, 6, EV 100.6 MPH)
|
| Bottom of the 5th over - 0 runs, 1 hit, 0 errors, 1 left on base; Oklahoma City 1 - Louisville 2 |
| TOP OF THE 6TH |
|
Oklahoma City Dodgers batting - Pitching for Louisville Bats : RHP Ragnar Alqvist
|
|
Batting: SHB Ken Welch
|
0-0: Ball 1-0: Called Strike 1-1: Ball 2-1: Ball 3-1: SINGLE (Groundball, 34D, EV 95.0 MPH)
|
|
Batting: RHB Jose Valtierra
|
0-0: Ball 1-0: Fly out, F4 (Popup, 4, EV 65.0 MPH)
|
|
Batting: RHB Jonathan Rangel
|
0-0: Foul Ball, location: 2F 0-1: Called Strike 0-2: Grounds into double play, 6-4-3 (Groundball, 6, EV 90.6 MPH)
|
| Top of the 6th over - 0 runs, 1 hit, 0 errors, 0 left on base; Oklahoma City 1 - Louisville 2 |
| BOTTOM OF THE 6TH |
|
Louisville Bats batting - Pitching for Oklahoma City Dodgers : RHP Jeremy Stock
|
|
Batting: RHB Bruno André
|
0-0: Ball 1-0: Ball 2-0: Called Strike 2-1: Ball 3-1: Called Strike 3-2: Base on Balls
|
|
Batting: RHB Juan Reyes
|
0-0: Ball 1-0: Foul Ball, location: 2F 1-1: Foul Ball, location: 2F 1-2: Ball 2-2: Ball 3-2: DOUBLE (Flyball, 89XD, EV 102.5 MPH) Bruno André to third
|
|
Batting: RHB Chris Zamora
|
0-0: Ball 1-0: Ball 2-0: Called Strike 2-1: Called Strike 2-2: Ball 3-2: Foul Ball, location: 2F 3-2: Foul Ball, location: 2F 3-2: Foul Ball, location: 2F 3-2: Strikes out swinging
|
|
Batting: RHB Colin Lord
|
0-0: Called Strike 0-1: Ground out 2-3 (Groundball, 15S, EV 70.0 MPH)
|
|
Batting: LHB Manny Ruvalcaba
|
0-0: Fly out, F6 (Line Drive, 6, EV 69.4 MPH)
|
| Bottom of the 6th over - 0 runs, 1 hit, 0 errors, 2 left on base; Oklahoma City 1 - Louisville 2 |
| TOP OF THE 7TH |
|
Oklahoma City Dodgers batting - Pitching for Louisville Bats : RHP Ragnar Alqvist
|
|
Batting: RHB Carlos Talavera
|
0-0: Called Strike 0-1: Ball 1-1: Swinging Strike 1-2: Strikes out swinging
|
|
Batting: LHB Darrell Ortega
|
0-0: Ball 1-0: Ball 2-0: Swinging Strike 2-1: Foul Ball, location: 2F 2-2: Ball 3-2: Fly out, F6 (Popup, 6S, EV 76.9 MPH)
|
|
Pinch Hitting: LHB Tony Vitela
|
0-0: Called Strike 0-1: Swinging Strike 0-2: Foul Ball, location: 2F 0-2: Ball 1-2: Strikes out swinging, 2-3 out at first.
|
| Top of the 7th over - 0 runs, 0 hits, 0 errors, 0 left on base; Oklahoma City 1 - Louisville 2 |
| BOTTOM OF THE 7TH |
|
Louisville Bats batting - Pitching for Oklahoma City Dodgers : RHP Jeremy Stock
|
|
Now at SS: Marcos Villalobos
|
|
|
Batting: RHB Steve Anderson
|
0-0: Ball 1-0: Foul Ball, location: 2F 1-1: Ball 2-1: Ground out 5-3 (Groundball, 56S, EV 85.0 MPH)
|
|
Batting: SHB Paul Sandoval
|
0-0: Called Strike 0-1: Fly out, F7 (Flyball, 7D, EV 83.8 MPH)
|
|
Batting: RHB Chase Briney
|
0-0: Foul Ball, location: 2F 0-1: SINGLE (Groundball, 6MD, EV 101.2 MPH)
|
|
Batting: SHB Freddie Farrar
|
0-0: Foul Ball, location: 2F 0-1: Ball 1-1: Called Strike 1-2: Ball 2-2: Fly out, F9 (Flyball, 89M, EV 85.0 MPH)
|
| Bottom of the 7th over - 0 runs, 1 hit, 0 errors, 1 left on base; Oklahoma City 1 - Louisville 2 |
| TOP OF THE 8TH |
|
Oklahoma City Dodgers batting - Pitching for Louisville Bats : RHP Ragnar Alqvist
|
|
Pitching: LHP Logan Moultry
|
|
|
Pinch Hitting: RHB Vinny Vasquez
|
0-0: Called Strike 0-1: Ball 1-1: Ball 2-1: Foul Ball, location: 2F 2-2: Strikes out swinging
|
|
Batting: RHB Jeremy Giesler
|
0-0: Ball 1-0: Foul Ball, location: 2F 1-1: Foul Ball, location: 2F 1-2: Strikes out swinging
|
|
Batting: RHB Jorge Benites
|
0-0: Ball 1-0: Foul Ball, location: 2F 1-1: Ball 2-1: Foul Ball, location: 2F 2-2: Foul Ball, location: 2F 2-2: Foul Ball, location: 2F 2-2: Ground out 4-3 (Groundball, 34S, EV 83.8 MPH)
|
| Top of the 8th over - 0 runs, 0 hits, 0 errors, 0 left on base; Oklahoma City 1 - Louisville 2 |
| BOTTOM OF THE 8TH |
|
Louisville Bats batting - Pitching for Oklahoma City Dodgers : RHP Jeremy Stock
|
|
Now at 2B: Vinny Vasquez
|
|
|
Batting: RHB Bruno André
|
0-0: Foul Ball, location: 2F 0-1: Ball 1-1: Ball 2-1: Ball 3-1: Base on Balls
|
|
Batting: RHB Juan Reyes
|
0-0: Ball 1-0: Fielders Choice at 2nd, 5-4 (Groundball, 56, EV 84.4 MPH)
|
|
Batting: RHB Chris Zamora
|
0-0: Ball 1-0: DOUBLE (Flyball, 8RXD, EV 96.2 MPH) Juan Reyes to third
|
|
Batting: RHB Colin Lord
|
0-0: Swinging Strike 0-1: Called Strike 0-2: Ball 1-2: Foul Ball, location: 2F 1-2: Ball 2-2: Ball 3-2: Ground out 6-3 (Groundball, 6, EV 94.4 MPH)
|
|
Pitching: RHP Jon Schau
|
|
|
Batting: LHB Manny Ruvalcaba
|
0-0: Called Strike 0-1: Ball 1-1: Ground out 4-3 (Groundball, 34, EV 82.5 MPH)
|
| Bottom of the 8th over - 0 runs, 1 hit, 0 errors, 2 left on base; Oklahoma City 1 - Louisville 2 |
| TOP OF THE 9TH |
|
Oklahoma City Dodgers batting - Pitching for Louisville Bats : LHP Logan Moultry
|
|
Pitching: RHP Justin Ambrose
|
|
|
Batting: SHB Ken Welch
|
0-0: Ball 1-0: SINGLE (Flyball, 89S, EV 90.0 MPH)
|
|
Pinch Hitting: LHB Yasahiko Teshima
|
0-0: Foul Ball, location: 2F 0-1: Foul Ball, location: 2F 0-2: Ball 1-2: Strikes out looking
|
|
Pinch Hitting: SHB Nate Kopchak
|
0-0: Called Strike 0-1: Ball 1-1: Ball 2-1: Fielders Choice at 2nd, 6-4 (Groundball, 6, EV 108.8 MPH)
|
|
Pinch Hitting: LHB Mike Staley
|
0-0: Fly out, F6 (Popup, 6S, EV 80.6 MPH)
|
| Top of the 9th over - 0 runs, 1 hit, 0 errors, 1 left on base; Oklahoma City 1 - Louisville 2 |
|